 Dungeon Crawl Stone Soup version 0.20.0 (webtiles) character file.

26828 BarneyGumball the Grappler (level 13, -2/126 HPs)
             Began as a Troll Monk on June 9, 2017.
             Was a High Priest of the Shining One.
             Hit by a large rock thrown by a cyclops (20 damage)
             ... on level 13 of the Dungeon on June 10, 2017.
             The game lasted 00:38:30 (11876 turns).

BarneyGumball the Grappler (Troll Monk)            Turns: 11876, Time: 00:38:31

Health: -2/126     AC: 11    Str: 25    XL:     13   Next: 1%
Magic:  21/21      EV: 12    Int:  6    God:    the Shining One [*****.]
Gold:   704        SH: 16    Dex: 16    Spells: 12/12 levels left

rFire    . . .     SeeInvis .     - Unarmed
rCold    + . .     Gourm    +   v - +0 shield
rNeg     + + .     Faith    .   q - +2 robe {rC+}
rPois    .         Spirit   .   J - +2 hat
rElec    .         Reflect  +   G - +1 cloak
rCorr    .         Harm     .   (gloves unavailable)
MR       .....                  (boots unavailable)
Stlth    +.........             M - +6 amulet of reflection
Regen    0.8/turn               N - +3 ring of strength
MPRegen  0.2/turn               a - +3 ring of evasion

@: glowing
A: unfitting armour, claws 3, fast metabolism 3, gourmand, regeneration 1,
shaggy fur 1, tough skin 2
a: Divine Shield, Cleansing Flame, Summon Divine Warrior, Renounce Religion


You were on level 13 of the Dungeon.
You worshipped the Shining One.
The Shining One was extremely pleased with you.
You were completely stuffed.

You visited 4 branches of the dungeon, and saw 16 of its levels.
You also visited: Sewer.

You collected 992 gold pieces.
You spent 288 gold pieces at shops.

Inventory:

Missiles
 t - 2 large rocks (quivered)
Armour
 q - a +2 robe of cold resistance (worn)
 s - a +0 large shield
 v - a +0 shield (worn)
 G - a +1 cloak (worn)
 J - a +2 hat (worn)
Jewellery
 a - a +3 ring of evasion (right claw)
 x - an uncursed amulet of regeneration
 M - a +6 amulet of reflection (around neck)
 N - a +3 ring of strength (left claw)
Wands
 k - a wand of lightning (0/15)
 C - a wand of confusion (44/48)
Scrolls
 d - 3 scrolls of remove curse
 f - 5 scrolls of teleportation
 h - 2 scrolls of amnesia
 n - a scroll of enchant armour
 o - 3 scrolls of magic mapping
 y - 2 scrolls of recharging
 E - 5 scrolls of identify
 L - a scroll of fog {unknown}
Potions
 c - 4 potions of mutation {unknown}
 e - 2 potions of heal wounds {unknown}
 g - 7 potions of curing
 i - 5 potions of lignification {unknown}
 j - a potion of might {unknown}
 l - 4 potions of flight {unknown}
 p - 5 potions of magic
 r - a potion of brilliance {unknown}
 w - 3 potions of degeneration {unknown}
 z - a potion of berserk rage
 A - a potion of invisibility {unknown}
 D - a potion of ambrosia {unknown}
 I - 3 potions of haste {unknown}
 K - 2 potions of agility {unknown}
Books
 B - a book of Battle

   Spells                             Type                      Level
   a - Infusion                       Charms                       1
   b - Shroud of Golubria             Charms/Translocation         2
   c - Song of Slaying                Charms                       2
   d - Spectral Weapon                Hexes/Charms                 3
   e - Regeneration                   Charms/Necromancy            3
 H - the Collected Works on Shifting Clay
   (You found it on level 8 of the Dungeon)

   Spells                             Type                      Level
   a - Petrify                        Transmutation/Earth          4
   b - Irradiate                      Conjuration/Transmutation    5
   c - Alistair's Intoxication        Transmutation/Poison         5
   d - Statue Form                    Transmutation/Earth          6
Comestibles
 b - 11 bread rations
 m - 5 royal jellies
 u - 10 meat rations
 F - 12 fruits


   Skills:
 - Level 7.6 Fighting
 - Level 2.4 Dodging
 - Level 1.0 Stealth
 + Level 4.9 Shields
 * Level 13.9 Unarmed Combat
 + Level 12.3 Invocations


You had 12 spell levels left.
You didn't know any spells.

Dungeon Overview and Level Annotations

Branches:
Dungeon (13/15)            Temple (1/1) D:6            Lair (1/6) D:9
    Orc (1/2) D:11         Vaults (0/5) D:13

Altars:
Ashenzari
Cheibriados
Dithmenos
Elyvilon
Fedhas
Gozag
Hepliaklqana
Kikubaaqudgha
Makhleb
Nemelex Xobeh
Okawaru
Qazlal
Ru
Sif Muna
Trog
Uskayaw
Vehumet
Xom
Yredelemnul
Zin
The Shining One

Shops:
D:4 (   D:11 [

Annotations:
D:2 4 transporters, Menkaure
D:3 Sigmund
D:6 exclusion: door


Innate Abilities, Weirdness & Mutations

You are too large for most types of armour.
You have claws for hands.
Your metabolism is lightning-fast.
You like to eat raw meat.
Your natural rate of healing is unusually fast.
You are covered in fur. (AC +1)
You have very tough skin. (AC +2)


Message History

Okay, then.
As you read the scroll of teleportation, it crumbles to dust.
You feel strangely unstable. The five-headed hydra bites you.
* * * LOW HITPOINT WARNING * * *
You block the five-headed hydra's attack. x3
The five-headed hydra bites you.
* * * LOW HITPOINT WARNING * * *
Your surroundings suddenly seem different.
A cyclops comes into view.
The cyclops shouts!
Found a scroll of remove curse, 21 bolts, 19 arrows and a scroll of identify.
Found an escape hatch in the floor.
Found a scroll of amnesia.
An orc comes into view. It is wielding a short sword.
Found 10 gold pieces.
You barely miss the orc. You block the orc's attack.
You mangle the orc!!
You kill the orc!
The cyclops throws a large rock.
The large rock hits you!!
You die...

######## ##......##
##......(.##
#....@.....# ##.
#.....)....# ..
#..........# #.
#..........# #.
#......?..... #.
##..........# ##.
........?..### #..
#..C......$.....####..
#.....(....####.......


You could see a cyclops.

Vanquished Creatures
  Harold (D:11)
  A vault guard (D:13)
  An ogre mage (D:13)
  A centaur warrior (D:13)
  2 two-headed ogres
  Urug (D:12)
  An unseen horror (D:12)
  Pikel (D:8)
  4 orc knights (D:13)
  The ghost of hyperbowl the Basher, a novice HOMo (D:6)
  2 ugly things
  A manticore (D:12)
  A cyclops (D:11)
  Maurice (D:10)
  4 spiny frogs
  2 komodo dragons (Lair:1)
  A yaktaur (D:13)
  A rime drake (Lair:1)
  A tengu conjurer (D:13)
  A troll (D:9)
  3 hornets
  5 hippogriffs
  A spriggan (D:10)
  A vampire (D:10)
  2 wyverns
  A fire elemental (D:12)
  A human (D:10)
  6 yaks (D:10)
  A hungry ghost (D:10)
  Grum (D:8)
  A water moccasin (Lair:1)
  2 porcupines (Lair:1)
  Purgy (Sewer)
  16 orc warriors
  3 ice beasts
  5 sky beasts
  3 black bears
  3 slaves (D:8)
  4 phantoms
  6 ogres
  3 wolves (D:8)
  4 centaurs
  4 crocodiles
  A big kobold (D:7)
  4 bullfrogs
  A wyvern skeleton (D:9)
  7 killer bees
  4 scorpions
  11 wights
  2 howler monkeys (D:7)
  7 crimson imps
  A centaur zombie (D:10)
  2 bullfrog zombies
  12 orc priests
  4 hounds
  A jelly (D:8)
  16 orc wizards
  3 bullfrog skeletons
  3 centaur skeletons
  3 iguanas
  7 worker ants
  2 hound skeletons
  13 adders
  3 gnolls (D:8)
  3 river rats (D:3)
  4 shadow imps
  2 oozes (D:3)
  An adder zombie (D:7)
  An adder skeleton (D:5)
  A worm (D:2)
  3 dart slugs
  3 leopard geckos
  60 orcs
  A giant cockroach (D:8)
  13 goblins
  5 hobgoblins
  8 jackals
  4 quokkas
  6 ball pythons
  4 bats
  9 frilled lizards
  13 kobolds
  A leopard gecko skeleton (D:4)
  12 rats
367 creatures vanquished.

Vanquished Creatures (collateral kills)
  Azrael (D:12)
  4 fire elementals (D:12)
  3 hell hounds (D:12)
  A bullfrog (D:12)
  An orc (D:12)
10 creatures vanquished.

Vanquished Creatures (others)
  Nessos (D:13)
  A centaur zombie (D:13)
  2 yaktaurs (D:13)
  An orc (D:10)
  2 fungi (Lair:1)
  2 plants
9 creatures vanquished.

Grand Total: 386 creatures vanquished

Notes
Turn   | Place    | Note
-------+----------+-------------------------------------------
     0 | D:1      | BarneyGumball the Troll Monk began the quest for the Orb.
     0 | D:1      | Reached XP level 1. HP: 22/22 MP: 0/0
   225 | D:1      | Reached XP level 2. HP: 29/29 MP: 1/1
   576 | D:1      | Reached skill level 4 in Unarmed Combat
   631 | D:2      | Reached XP level 3. HP: 36/36 MP: 2/2
   637 | D:2      | Found a basalt altar of Yredelemnul.
   640 | D:2      | Noticed Menkaure
   660 | D:2      | Found an ancient bone altar of Kikubaaqudgha.
   677 | D:2      | Found a sacrificial altar of Ru.
   692 | D:2      | Reached skill level 5 in Unarmed Combat
   692 | D:2      | Reached XP level 4. HP: 44/44 MP: 3/3
  1114 | D:2      | Found a glowing silver altar of Zin.
  1505 | D:3      | Noticed a centaur
  1544 | D:3      | Found a glowing drain.
  1570 | Sewer    | Entered a sewer
  1603 | Sewer    | Noticed Purgy
  1614 | Sewer    | Killed Purgy
  1614 | Sewer    | Reached skill level 6 in Unarmed Combat
  1614 | Sewer    | Reached XP level 5. HP: 19/50 MP: 4/4
  1631 | Sewer    | Noticed plsesad's ghost (novice SpEE)
  1764 | D:3      | Killed a centaur
  1764 | D:3      | Reached skill level 7 in Unarmed Combat
  1764 | D:3      | Reached XP level 6. HP: 41/59 MP: 5/5
  1944 | D:3      | Noticed Sigmund
  2293 | D:3      | Found a shadowy altar of Dithmenos.
  2664 | D:4      | Found Sosaupn's Antique Weapon Emporium.
  2707 | D:4      | Reached skill level 8 in Unarmed Combat
  2707 | D:4      | Reached XP level 7. HP: 23/66 MP: 6/6
  3294 | D:5      | Entered Level 5 of the Dungeon
  3724 | D:5      | Reached skill level 9 in Unarmed Combat
  3958 | D:5      | Reached XP level 8. HP: 74/74 MP: 7/7
  4078 | D:6      | Noticed hyperbowl's ghost (novice HOMo)
  4244 | D:6      | Found a staircase to the Ecumenical Temple.
  4249 | D:6      | Reached skill level 10 in Unarmed Combat
  4253 | Temple   | Entered the Ecumenical Temple
  4310 | Temple   | Became a worshipper of the Shining One
  4310 | Temple   | Reached * piety under the Shining One
  4310 | Temple   | Reached ** piety under the Shining One
  4460 | D:6      | Killed hyperbowl's ghost
  4460 | D:6      | Reached skill level 11 in Unarmed Combat
  4683 | D:6      | Found a deep blue altar of Sif Muna.
  4728 | D:7      | Noticed a hippogriff
  4754 | D:6      | Reached skill level 1 in Invocations
  4868 | D:7      | Reached XP level 9. HP: 71/80 MP: 9/9
  5157 | D:7      | Found a radiant altar of Vehumet.
  5516 | D:8      | Reached skill level 5 in Invocations
  5562 | D:8      | Found an iron altar of Okawaru.
  5783 | D:8      | Noticed Pikel
  5789 | D:8      | Killed Pikel
  5825 | D:8      | Reached skill level 5 in Fighting
  5825 | D:8      | Reached XP level 10. HP: 94/96 MP: 14/14
  5867 | D:8      | Noticed Grum
  5890 | D:8      | Killed Grum
  6023 | D:8      | Identified the Collected Works on Shifting Clay
  6560 | D:9      | Found a staircase to the Lair.
  7026 | Lair:1   | Entered Level 1 of the Lair of Beasts
  7026 | Lair:1   | Noticed a spiny frog
  7035 | D:9      | Killed a spiny frog
  7161 | Lair:1   | Noticed a spiny frog
  7161 | Lair:1   | Reached *** piety under the Shining One
  7174 | Lair:1   | Killed a spiny frog
  7354 | Lair:1   | Noticed a spiny frog
  7362 | Lair:1   | Killed a spiny frog
  7443 | Lair:1   | Noticed a spiny frog
  7475 | D:9      | Killed a spiny frog
  7599 | Lair:1   | Reached XP level 11. HP: 97/107 MP: 17/17
  7664 | Lair:1   | Noticed a four-headed hydra
  7841 | D:10     | Entered Level 10 of the Dungeon
  8026 | D:10     | Reached skill level 10 in Invocations
  8504 | D:11     | Reached **** piety under the Shining One
  8585 | D:11     | Noticed Maurice
  8660 | D:10     | Killed Maurice
  8699 | D:11     | Noticed a two-headed ogre
  8822 | D:11     | Killed a two-headed ogre
  8865 | D:11     | Found Ceimeteubb's Armour Emporium.
  8876 | D:11     | Bought a +2 robe of cold resistance for 230 gold pieces
  8876 | D:11     | Bought a +0 large shield for 58 gold pieces
  9031 | D:11     | Found a staircase to the Orcish Mines.
  9102 | D:11     | Reached skill level 1 in Shields
  9120 | D:11     | Noticed a brown ugly thing
  9136 | D:11     | Killed a brown ugly thing
  9181 | D:11     | Noticed Harold
  9198 | D:11     | Killed Harold
  9269 | D:11     | Reached skill level 12 in Unarmed Combat
  9447 | D:11     | Reached ***** piety under the Shining One
  9587 | Orc:1    | Entered Level 1 of the Orcish Mines
  9747 | Orc:1    | Noticed an orc warlord
  9849 | D:12     | Reached XP level 12. HP: 112/118 MP: 19/19
  9930 | D:12     | Noticed Urug
  9949 | D:12     | Killed Urug
 10079 | D:12     | Noticed Azrael
 10093 | D:12     | Killed Azrael
 11212 | D:13     | Reached skill level 13 in Unarmed Combat
 11295 | D:13     | Noticed a centaur warrior
 11310 | D:13     | Killed a centaur warrior
 11337 | D:13     | Noticed a two-headed ogre
 11342 | D:13     | Killed a two-headed ogre
 11445 | D:13     | Noticed Nessos
 11445 | D:13     | Noticed an ogre mage
 11451 | D:13     | Killed Nessos
 11489 | D:13     | Killed an ogre mage
 11704 | D:13     | Found a gate to the Vaults.
 11706 | D:13     | Noticed a vault guard
 11721 | D:13     | Killed a vault guard
 11721 | D:13     | Reached XP level 13. HP: 104/126 MP: 21/21
 11876 | D:13     | Hit by a large rock thrown by a cyclops

Skill      XL: |  1  2  3  4  5  6  7  8  9 10 11 12 |
---------------+-------------------------------------+-----
Unarmed Combat | 4 5 6 7 8 9 11 12 13 | 13.9
Invocations    | 2 6 9 11 12 | 12.3
Fighting       | 5 6 7 |  7.6
Shields        | 2 4 |  4.9
Dodging        | |  2.4
Stealth        | |  1.0

Action                   |  1- 3 |  4- 6 |  7- 9 | 10-12 | 13-15 || total
-------------------------+-------+-------+-------+-------+-------++-------
Melee: Unarmed           |    73 |   186 |   217 |   633 |     3 ||  1112
       Punch             |     1 |     5 |    12 |    44 |       ||    62
Throw: Large rock        |       |       |       |       |     3 ||     3
Invok: Divine Shield     |       |       |       |     1 |       ||     1
       Summon Divine War |       |       |       |     1 |       ||     1
Evoke: Wand              |       |       |       |     4 |     2 ||     6
  Use: Scroll            |       |     3 |     1 |    13 |     2 ||    19
       Potion            |       |       |       |     2 |       ||     2
 Stab: Sleeping          |     3 |       |     3 |       |       ||     6
  Eat: Chunk             |    12 |    18 |    28 |    63 |     1 ||   122
       Fruit             |       |       |     1 |       |       ||     1
Armor: Robe              |    22 |    53 |    29 |   157 |     6 ||   267
Dodge: Dodged            |    35 |    68 |    85 |   255 |     5 ||   448
Block: Shield            |       |       |       |    60 |    23 ||    83
       Reflection        |       |       |       |    19 |       ||    19
